 Dungeon Crawl Stone Soup version 0.27.1-4-g1640c2035a (webtiles) character file.

Game seed: 15591209495135194542

115 scsoc the Digger (level 5, 0/28 HPs)
             Began as a Gargoyle Earth Elementalist on Oct 31, 2021.
             Killed by divine providence
             ... invoked by an orc priest
              (13 damage)
             ... on level 3 of the Dungeon.
             The game lasted 00:13:34 (2714 turns).

scsoc the Digger (Gargoyle Earth Elementalist)      Turns: 2714, Time: 00:13:35

Health: 0/28       AC:  9    Str: 12    XL:     5   Next: 0%
Magic:  9/9        EV: 12    Int: 16    God:
Gold:   53         SH:  0    Dex: 10    Spells: 3/9 levels left

rFire    . . .     SeeInvis .   e - +0 club
rCold    . . .     Faith    .   (no shield)
rNeg     + . .     Spirit   .   b - +1 robe
rPois    ∞         Reflect  .   f - +2 hat
rElec    +         Harm     .   (no cloak)
rCorr    .         Rampage  .   (no gloves)
Will     .....                  (no boots)
Stlth    +.........             (no amulet)
HPRegen  0.09/turn              (no ring)
MPRegen  0.11/turn              (no ring)

@: silenced
A: sickness immunity, AC +4, negative energy resistance 1, electricity
resistance, torment resistance 1, petrification resistance
a: no special abilities


You were on level 3 of the Dungeon.
You visited 1 branch of the dungeon, and saw 3 of its levels.

You collected 53 gold pieces.

Inventory:

Hand Weapons
 e - a +0 club (weapon)
Missiles
 c - 35 stones
Armour
 b - a +1 robe (worn)
 f - a +2 hat (worn)
Potions
 h - a potion of flight {unknown}
 i - a potion of resistance {unknown}


   Skills:
 - Level 0.2 Fighting
 - Level 0.5 Maces & Flails
 + Level 2.1 Dodging
 + Level 3.1 Stealth
 + Level 2.7 Spellcasting
 + Level 1.1 Transmutations
 + Level 4.8 Earth Magic


You had 3 spell levels left.
You knew the following spells:

 Your Spells              Type           Power      Damage    Failure   Level
a - Sandblast             Erth           34%        2d9       2%          1
b - Passwall              Tmut/Erth      9%         N/A       9%          2
c - Stone Arrow           Conj/Erth      18%        3d8       22%         3

Your spell library contained the following spells:

 Spells                   Type           Power      Damage    Failure   Level
 Animate Skeleton         Necr           4%         N/A       19%         1
 Magic Dart               Conj           8%         1d3       19%         1
 Pain                     Necr           8%         1d4       19%         1
 Searing Ray              Conj           4%         3d3       28%         2
 Vampiric Draining        Necr           1%         2d6       50%         3
 Petrify                  Tmut/Erth      11%        N/A       50%         4
 Fulminant Prism          Conj/Hex       1%         3d6       88%         4


Dungeon Overview and Level Annotations

Branches:
Dungeon (3/15)

Altars:
Zin


Innate Abilities, Weirdness & Mutations

You are immune to sickness and miasma.
Your stone body is resilient. (AC +4)
You are immune to poison.
You resist negative energy. (rN+)
You are resistant to electric shocks. (rElec)
You are resistant to unholy torment.
You are immune to petrification.


Message History

An orc priest comes into view. It is wielding a +0 short sword.
The orc hits you but does no damage. The orc misses you.
The orc priest shouts!
You hit the orc but do no damage.
The orc is moderately wounded.
The orc hits you with a +0 flail! The orc closely misses you.
You closely miss the orc.
The orc is moderately wounded.
The orc hits you with a +0 flail! The orc closely misses you.
You closely miss the orc.
The orc is moderately wounded.
The orc barely misses you. The orc hits you with a +0 short sword.
As you read the scroll labelled QOBRUJ JANA, it crumbles to dust.
It is a scroll of enchant armour.
Your +0 robe glows green for a moment.
The orc barely misses you. The orc hits you but does no damage.
As you read the scroll labelled PUECRO MOZXULE, it crumbles to dust.
A profound silence engulfs you.
It was a scroll of silence.
The orc barely misses you. x2
It was a potion of magic.
Magic courses through your body. The orc misses you.
The orc hits you but does no damage.
You cannot cast spells when silenced!
The orc barely misses you.
The orc throws a stone.
The stone barely misses you.
The orc throws a stone.
The stone hits you but does no damage.
The orc throws a stone.
The stone hits you but does no damage.
The orc priest miscasts a cantrip.
The orc throws a stone.
The stone barely misses you.
The orc throws a stone.
The stone hits you but does no damage.
You are too injured to fight recklessly!
You are too injured to fight recklessly!
You hit the orc but do no damage.
The orc is lightly wounded.
The orc hits you but does no damage.
You hit the orc but do no damage.
The orc is lightly wounded.
The orc hits you with a +0 short sword.
The orc priest calls down the wrath of Beogh upon you.
Beogh smites you!
You die...

### ### .. ..# ###..
... ... ###≈### #..
#@#≈#.#
#.####.###o#≈#.###
#.........o#≈#.....#
######o###.#≈#.###.
##...#.#≈#.#..
#..oo###≈###.#
#.##.o)......#### #.
##o##...#.)..
#.###...##.##.###.#


You could see an orc priest and an orc.

Vanquished Creatures
  A hound (D:2)
  An adder (D:2)
  3 dart slugs (D:1)
  An orc (D:3)
  5 bats
  An endoplasm (D:3)
  2 giant cockroaches (D:1)
  14 goblins
  2 hobgoblins (D:1)
  8 jackals
  7 kobolds
  A quokka (D:2)
  9 ball pythons
  6 frilled lizards
  4 rats
65 creatures vanquished.

Vanquished Creatures (others)
  A demonic plant (D:1)
1 creature vanquished.

Grand Total: 66 creatures vanquished

Notes
Turn   | Place    | Note
-------+----------+-------------------------------------------
     0 | D:1      | scsoc the Gargoyle Earth Elementalist began the quest for
                  | the Orb.
     0 | D:1      | Reached XP level 1. HP: 10/10 MP: 3/3
   252 | D:1      | Reached XP level 2. HP: 15/15 MP: 5/5
   332 | D:1      | Reached skill level 4 in Earth Magic
   774 | D:1      | Reached XP level 3. HP: 19/19 MP: 3/6
   805 | D:1      | Learned a level 2 spell: Passwall
   809 | D:1      | Learned a level 3 spell: Stone Arrow
   876 | D:1      | Found a faded altar of an unknown god.
  1741 | D:2      | Reached XP level 4. HP: 21/24 MP: 7/7
  2155 | D:2      | Found a glowing silver altar of Zin.
  2367 | D:2      | Reached skill level 1 in Transmutations
  2685 | D:3      | Reached XP level 5. HP: 28/28 MP: 3/9
  2714 | D:3      | Killed from afar by an orc priest

Illustrated notes

Levels and vault maps discovered:
D:1:      lightli_arrival_lavapool, layout_loops_corners,
          shapermc_ecumenical_altar_gd
D:2:      layout_rooms, basic_altar
D:3:      layout_rooms, gup_sewer_entry_bubbles, grunt_decor_cap,
          hangedman_decor_clover_reticule

Skill      XL: |  1  2  3  4 |
---------------+-------------+-----
Earth Magic    | 4 |  4.8
Transmutations | 1 |  1.1
Dodging        | 2 |  2.1
Stealth        | 3 |  3.1
Fighting       | |  0.2
Maces & Flails | |  0.5
Spellcasting   | |  2.7

Action                   |  1- 3 |  4- 6 || total
-------------------------+-------+-------++-------
Melee: Dagger            |     1 |       ||     1
       Club              |    97 |    85 ||   182
 Cast: Sandblast         |    31 |    28 ||    59
       Passwall          |       |     1 ||     1
  Use: Scroll            |       |     2 ||     2
       Potion            |       |     1 ||     1
 Stab: Sleeping          |     1 |     2 ||     3
Armor: Robe              |    55 |    52 ||   107
Dodge: Dodged            |   100 |    84 ||   184
